 Dungeon Crawl Stone Soup version 0.19-a0-1007-g133f65f (webtiles) character file.

7791 mistymad the Fighter (level 11, -1/93 HPs)
             Began as a Formicid Abyssal Knight on July 19, 2016.
             Was the Champion of Lugonu.
             Killed by divine providence
             ... invoked by an orc priest
              (12 damage)
             ... on level 10 of the Dungeon.
             The game lasted 00:27:53 (12100 turns).

mistymad the Fighter (Formicid Abyssal Knight)     Turns: 12100, Time: 00:27:53

Health: -1/93      AC: 18    Str: 26    XL:     11   Next: 43%
Magic:  13/13      EV:  8    Int: 12    God:    Lugonu [******]
Gold:   209        SH:  0    Dex: 10    Spells: 0 memorised, 10 levels left

rFire  . . .     SeeInvis +     z - +3 war axe
rCold  . . .     Gourm    .     K - +0 plate armour
rNeg   . . .     Faith    .     (no shield)
rPois  .         Spirit   .     (helmet unavailable)
rElec  .         Dismiss  .     M - +1 cloak
rCorr  .         Reflect  .     (no gloves)
SustAt .         Harm     .     Q - +0 pair of boots {Fly}
MR     ++...                    (no amulet)
Stlth  ..........               s - +6 ring of strength
                                p - ring of protection from magic

@: very resistant to hostile enchantments, extremely unstealthy
A: permanent stasis, dig shafts and tunnels, four strong arms, antennae 3
a: Dig, Shaft Self, Depart the Abyss, Bend Space, Banish, Corrupt, Enter the
Abyss, Brand Weapon With Distortion, Renounce Religion, Evoke Flight


You were on level 10 of the Dungeon.
You worshipped Lugonu.
Lugonu was exalted by your worship.
You were hungry.

You visited 2 branches of the dungeon, and saw 11 of its levels.
You visited the Abyss 1 time.
You also visited: Ossuary.

You collected 461 gold pieces.
You spent 252 gold pieces at shops.

Inventory:

Hand Weapons
 g - a +6 whip of venom
 z - a +3 war axe (weapon)
 B - a +2 mace of crushing
 O - a +2 battleaxe
 T - a +1 battleaxe of electrocution
Missiles
 i - a throwing net (quivered)
Armour
 K - a +0 plate armour (worn)
 M - a +1 cloak (worn)
 Q - a +0 pair of boots of flying (worn)
Jewellery
 n - an uncursed amulet of rage {unknown}
 p - a ring of protection from magic (left hand)
 s - a +6 ring of strength (right hand)
 W - an uncursed amulet of regeneration {unknown}
 X - an uncursed ring of protection from fire {unknown}
Wands
 o - a wand of flame (19/48)
 w - a wand of enslavement (12/24)
 G - a wand of confusion (23/48)
 H - a wand of lightning (4/15)
 I - a wand of flame (40/48)
 L - a wand of paralysis (20/24)
Scrolls
 d - a scroll of amnesia
 j - 6 scrolls of remove curse
 y - 2 scrolls of enchant weapon
 F - a scroll of recharging
 J - 2 scrolls of fog
 P - 2 scrolls of enchant armour
 R - 2 scrolls of identify
Potions
 a - a potion of cure mutation {unknown}
 b - 4 potions of curing
 e - 4 potions of mutation
 f - a potion of degeneration {unknown}
 h - a potion of ambrosia {unknown}
 k - 5 potions of heal wounds
 l - 4 potions of lignification
 m - 2 potions of haste {unknown}
 r - a potion of invisibility
 t - a potion of berserk rage {unknown}
 u - a potion of brilliance {unknown}
 x - a potion of beneficial mutation {unknown}
 A - a potion of resistance {unknown}
 C - 2 potions of agility
 E - a potion of flight {unknown}
 U - 2 potions of might {unknown}
Books
 V - a book of Maledictions

   Spells                             Type                      Level
   a - Corona                         Hexes                        1
   b - Ensorcelled Hibernation        Hexes/Ice                    2
   c - Confuse                        Hexes                        3
   d - Tukima's Dance                 Hexes                        3
   e - Dazzling Spray                 Conjuration/Hexes            3
Comestibles
 c - 11 bread rations
 q - 3 meat rations
 v - 5 beef jerkies
 D - 5 fruits
 N - 7 slices of pizza
 S - 4 chunks of flesh


   Skills:
 + Level 11.1 Fighting
 + Level 10.0 Axes
 + Level 10.8 Armour
 - Level 1.0 Dodging
 + Level 3.1 Invocations


You had 10 spell levels left.
You didn't know any spells.

Dungeon Overview and Level Annotations

Branches:
Dungeon (10/15)            Temple (1/1) D:7             Orc (0/2) D:9
   Lair: D:8-11

Altars:
Ashenzari
Cheibriados
Dithmenos
Elyvilon
Fedhas
Gozag
Hepliaklqana
Kikubaaqudgha
Makhleb
Nemelex Xobeh
Okawaru
Pakellas
Qazlal
Ru
Sif Muna
Trog
Uskayaw
Vehumet
Xom
Yredelemnul
Zin
The Shining One
Beogh

Shops:
D:6 *

Annotations:
D:7 exclusion: obsidian statue
D:8 p0werm0de's ghost, novice HaCK
D:10 heinrich's ghost, novice DsGl


Innate Abilities, Weirdness & Mutations

You are under a permanent stasis effect.
You can dig through walls and to a lower floor.
Your four strong arms can wield two-handed weapons with a shield.
You have a pair of large antennae on your head. (SInv)


Message History

The blast of calcifying dust hits the adder.
The blast of calcifying dust hits you!
The adder is engulfed in calcifying dust.
The adder is moving more slowly.
The orc is engulfed in calcifying dust.
The orc is moving more slowly.
The adder completely misses you.
The orc is engulfed in calcifying dust.
The orc is moving more slowly.
The necrophage is engulfed in calcifying dust.
The necrophage is moving more slowly.
The adder is engulfed in calcifying dust.
The adder is moving more slowly.
The adder stops moving altogether!
The orc stops moving altogether!
You see here a whip.
You extend your mandibles.
You dig through the rock wall.
You dig through the rock wall.
The orc priest invokes the aid of Beogh against you.
Beogh smites you!
You die...

............#.#.#.#...#
......................#
..........o.#.#.#.#...#
..######..............#
........))............#
..........)...........#
...........^..........#
######.###.###########
#@## ##.# ### ###


You could see an orc priest.

Vanquished Creatures
  A hill giant (D:10)
  A troll (D:9)
  Prince Ribbit (D:7)
  2 wyverns
  A human (D:7)
  4 yaks (D:9)
  Menkaure (D:4)
  Duvessa (D:7)
  A black bear (D:10)
  2 ice beasts
  4 orc warriors
  2 phantoms
  9 ogres
  6 centaurs
  3 giant frogs
  A wyvern zombie (D:7)
  Dowan (D:7)
  12 scorpions
  8 wights
  3 killer bees (D:7)
  2 electric eels (D:7)
  3 howler monkeys (D:8)
  6 crimson imps
  4 centaur zombies
  3 hounds
  A quasit (D:8)
  A centaur skeleton (D:8)
  11 orc priests
  2 jellies
  Crazy Yiuf (D:6)
  A human zombie (Ossuary)
  3 iguanas
  9 orc wizards
  8 worker ants
  4 sheep (D:7)
  A big kobold zombie (Ossuary)
  A hound zombie (D:4)
  4 hound skeletons
  5 mummies
  Robin (D:2)
  3 worker ant zombies
  A howler monkey skeleton (D:9)
  3 gnolls (D:8)
  4 scorpion zombies (Ossuary)
  13 adders
  2 oozes
  2 worms
  A dart slug (D:2)
  3 giant geckos
  63 orcs
  A ball python (D:4)
  7 bats
  6 giant cockroaches
  15 hobgoblins
  19 jackals
  4 quokkas
  2 giant gecko skeletons
  3 giant newts
  15 goblins
  3 goblin zombies (Ossuary)
  3 hobgoblin zombies (Ossuary)
  A jackal zombie (D:8)
  3 kobolds
  A kobold zombie (Ossuary)
  2 orc zombies (Ossuary)
  21 rats
336 creatures vanquished.

Vanquished Creatures (others)
  A mummy (Ossuary)
  An orc (D:10)
  10 plants (D:8)
12 creatures vanquished.

Grand Total: 348 creatures vanquished

Notes
Turn   | Place    | Note
-------+----------+-------------------------------------------
     0 | Abyss:1  | mistymad the Formicid Abyssal Knight began the quest for the Orb.
     0 | Abyss:1  | Reached XP level 1. HP: 18/18 MP: 2/2
    71 | Abyss:1  | Noticed a lich
    71 | D:1      | Escaped the Abyss
    82 | D:1      | Reached * piety under Lugonu
    93 | D:1      | Reached XP level 2. HP: 19/24 MP: 3/3
   117 | D:1      | Reached skill level 1 in Dodging
   376 | D:1      | Reached XP level 3. HP: 28/29 MP: 4/4
   450 | D:1      | Reached ** piety under Lugonu
   661 | D:2      | Reached XP level 4. HP: 37/37 MP: 5/5
   713 | D:2      | Reached skill level 4 in Fighting
   875 | D:2      | Noticed Robin
   902 | D:2      | Killed Robin
   910 | D:2      | Reached *** piety under Lugonu
   977 | D:2      | Found an opulent altar of Gozag.
  1057 | D:2      | Reached XP level 5. HP: 41/42 MP: 6/6
  1217 | D:3      | Found a shimmering altar of Xom.
  1592 | D:3      | Noticed a centaur
  1602 | D:3      | Killed a centaur
  1602 | D:3      | Reached XP level 6. HP: 29/50 MP: 7/7
  1752 | D:4      | Reached skill level 5 in Fighting
  1764 | D:4      | Reached **** piety under Lugonu
  1844 | D:4      | Noticed Menkaure
  1861 | D:4      | Killed Menkaure
  1861 | D:4      | Reached XP level 7. HP: 32/56 MP: 8/8
  2051 | D:4      | Found a bloodstained altar of Trog.
  2139 | D:4      | Reached skill level 5 in Armour
  2232 | D:4      | Reached skill level 6 in Fighting
  2232 | D:4      | Reached skill level 5 in Axes
  2232 | D:4      | Reached XP level 8. HP: 47/64 MP: 9/9
  2321 | D:4      | Found a sacrificial altar of Ru.
  2421 | D:4      | Found a blossoming altar of Fedhas.
  2433 | D:4      | Found an iron altar of Okawaru.
  2439 | D:4      | Found a deep blue altar of Sif Muna.
  2519 | D:5      | Entered Level 5 of the Dungeon
  2680 | D:5      | Found a sand-covered staircase.
  2709 | Ossuary  | Entered an ossuary
  2910 | Ossuary  | Reached skill level 7 in Fighting
  2965 | Ossuary  | Reached ***** piety under Lugonu
  2972 | Ossuary  | Reached XP level 9. HP: 69/72 MP: 10/10
  3491 | D:5      | Reached skill level 8 in Fighting
  3865 | D:5      | Found a glowing silver altar of Zin.
  4439 | D:6      | Found a hide-covered altar of Uskayaw.
  4764 | D:6      | Found Gafudali's Assorted Antiques.
  4776 | D:6      | Bought a scroll labeled UCKOOH NAPSAU for 33 gold pieces
  4779 | D:6      | Bought a sapphire potion for 29 gold pieces
  4779 | D:6      | Bought a fizzy inky potion for 29 gold pieces
  4779 | D:6      | Bought a scroll of identify for 66 gold pieces
  4779 | D:6      | Bought an orange potion for 29 gold pieces
  4779 | D:6      | Bought a scroll of identify for 66 gold pieces
  4886 | D:6      | Found a runed door.
  4993 | D:6      | Noticed Crazy Yiuf
  4997 | D:6      | Killed Crazy Yiuf
  5302 | D:7      | Noticed Prince Ribbit
  5321 | D:7      | Killed Prince Ribbit
  5321 | D:7      | Reached skill level 9 in Fighting
  5324 | D:7      | Reached XP level 10. HP: 23/83 MP: 11/11
  5776 | D:7      | Found a staircase to the Ecumenical Temple.
  5803 | Temple   | Entered the Ecumenical Temple
  6830 | D:7      | Noticed Duvessa
  6830 | D:7      | Noticed Dowan
  6846 | D:7      | Killed Duvessa
  6852 | D:7      | Killed Dowan
  6954 | D:7      | Found a stormy altar of Qazlal.
  7189 | D:7      | Noticed an obsidian statue
  7572 | D:8      | Noticed p0werm0de's ghost (novice HaCK)
  8051 | D:8      | Reached skill level 10 in Fighting
  9277 | D:9      | Reached skill level 10 in Armour
  9412 | D:9      | Reached XP level 11. HP: 55/92 MP: 12/12
  9667 | D:9      | Reached ****** piety under Lugonu
  9732 | D:9      | Found a roughly hewn altar of Beogh.
  9732 | D:9      | Found a staircase to the Orcish Mines.
 10503 | D:10     | Entered Level 10 of the Dungeon
 10506 | D:10     | Noticed heinrich's ghost (novice DsGl)
 10780 | D:10     | Identified a scroll of acquirement
 11182 | D:9      | Reached skill level 11 in Fighting
 11525 | D:10     | Noticed a hill giant
 11562 | D:10     | Killed a hill giant
 12013 | D:10     | Reached skill level 10 in Axes
 12052 | D:10     | Noticed a catoblepas
 12100 | D:10     | Killed from afar by an orc priest

Vault maps used:
D:1:      erik_arrival_orb_chamber, minivault_14
D:2:      grunt_gozag_breadcrumbs, uniq_robin
D:3:      xom_butterflies, first_bread
D:4:      bloody_trog, minmay_overflow_temple_star_quad,
          nicolae_ru_awakened_eye, uniq_menkaure
D:5:      lemuel_round_altar, chequers_ossuary_entry_cave
D:6:      lemuel_doored_altar, serial_shops, nicolae_shop_trees,
          uniq_crazy_yiuf_cottage
D:7:      statuecave_lemuel, lemuel_coloured_pillars_altar, serial_undead,
          serial_undead_b, serial_undead_b, serial_undead_f, serial_undead_c,
          grunt_livestock, uniq_duvessa, uniq_prince_ribbit1
D:8:      david_lair_shrubbed
D:9:      david_orc_5
D:10:     serial_co_window_serial, co_window_paths_a, co_window_paths_a,
          co_window_corner_a, co_window_paths_a, co_window_corner_a,
          co_window_corner_a, co_window_unsneaky_path_d, co_window_paths_c,
          co_window_broadway_c, glass_columns_c, glass_columns_b
Temple:   hc_temple_tempest_star
Ossuary:  ossuary_minmay_scorpions

Skill      XL: |  1  2  3  4  5  6  7  8  9 10 11 |
---------------+----------------------------------+-----
Dodging        | 1 |  1.0
Armour         | 3 4 5 6 8 10 | 10.8
Fighting       | 4 5 6 7 9 10 11 | 11.1
Axes           | 3 4 5 6 7 9 10 | 10.0
Invocations    | 3 |  3.1

Action                   |  1- 3 |  4- 6 |  7- 9 | 10-12 || total
-------------------------+-------+-------+-------+-------++-------
Melee: Hand axe          |    25 |       |       |       ||    25
       Whip              |    66 |   156 |   355 |   598 ||  1175
       Battleaxe         |       |       |       |    43 ||    43
       War axe           |       |       |       |    24 ||    24
Invok: Depart the Abyss  |     1 |       |       |       ||     1
       Bend Space        |       |       |       |     4 ||     4
 Abil: Dig               |       |     2 |     6 |    16 ||    24
       Stop Flying       |       |       |       |     1 ||     1
  Use: Scroll            |     4 |       |    16 |     2 ||    22
       Potion            |       |       |     1 |       ||     1
  Eat: Chunk             |       |     4 |    10 |    22 ||    36
       Pizza             |       |       |     1 |     1 ||     2
Armor: Leather armour    |     5 |       |       |       ||     5
       Scale mail        |    28 |    72 |     7 |       ||   107
       Chain mail        |       |       |   137 |    90 ||   227
       Plate armour      |       |       |       |   278 ||   278
Dodge: Dodged            |    40 |    86 |   125 |   216 ||   467
